Match 45500257
Unlisted

Match 45500257
End
Kettenkrad Recon Vehicle
Construct Infanterie Kompanie
MG 42 Machine Gun Team
Grenadier Squad
Grenadier Squad
Grenadier Squad
Construct Panzergrenadier Kompanie
251 Medium Carrier
251 Medium Carrier
Selects Mechanized Battlegroup
Selects Mobile Repair Stations
Support Elements
Panzergrenadier Squad
Selects Wespe Self-propelled Artillery
Nebelwerfer 42 Rocket Launcher Team
Pak 40 Anti-tank Gun Team
Pioneer Squad
Wespe Self-propelled Artillery
Panzergrenadier Officer Quarters
MG 42 Machine Gun Team
StuG III G Assault Gun
Wespe Self-propelled Artillery
251 Medium Carrier
Selects Raid Package
Selects StuG Assault Group
Side Skirts
Panzergrenadier Squad
Panzergrenadier Squad
Pioneer Squad
Wespe Self-propelled Artillery
Panzergrenadier Squad
Pioneer Squad
Selects Zeroing Artillery Barrage
StuG III G Assault Gun
StuG III G Assault Gun
Selects Panther Heavy Tank
Zeroing Artillery Barrage
wila
A2O
LittleFatty233
[VN]Tôi thích tỉnh lạng s
shor
从心
kc
Haiyans
0
0

Comments sign in to comment!

No comments posted yet!